 Dungeon Crawl Stone Soup version 0.30-a0-860-g512cf1e979 (webtiles) character file.

Game seed: 6061185104752672759

18 BigDaddyOpFi the Conjurer (level 2, 0/17 HPs)
             Began as an Octopode Conjurer on Mar 7, 2023.
             Slain by Terence
             ... wielding a +0 flail
              (11 damage)
             ... on level 2 of the Dungeon.
             The game lasted 00:01:25 (1357 turns).

BigDaddyOpFi the Conjurer (Octopode Conjurer)       Turns: 1357, Time: 00:01:26

Health: 0/17       AC:  1    Str:  6    XL:     2   Next: 70%
Magic:  10/14      EV: 13    Int: 20    God:
Gold:   82         SH:  0    Dex: 10    Spells: 4/5 levels left

rFire   . . .      SeeInvis .    d - +0 dagger
rCold   . . .      Faith    .    (no shield)
rNeg    . . .      Spirit   .    (helmet restricted)
rPois   .          Reflect  .    (no amulet)
rElec   .          Rampage  .    i - ring of magical power
rCorr   .                        (no ring)
Will    .....                    (no ring)
Stlth   +++                      (no ring)
HPRegen 0.22/turn                (no ring)
MPRegen 0.14/turn                (no ring)
                                 (no ring)
                                 (no ring)

@: no status effects
A: almost no armour, amphibious, 8 rings, camouflage 1, gelatinous body 1,
(nimble swimmer 1), tentacles
a: no special abilities


You were on level 2 of the Dungeon.
You visited 1 branch of the dungeon, and saw 2 of its levels.

You collected 82 gold pieces.

Inventory:

Hand Weapons
 d - a +0 dagger (weapon)
Jewellery
 i - a ring of magical power (left tentacle)
Scrolls
 c - 3 scrolls of teleportation {unknown}
 e - a scroll of poison {unknown}
Potions
 a - a potion of magic
 b - a potion of attraction {unknown}
 f - a potion of cancellation {unknown}
 g - a potion of invisibility {unknown}
 h - a potion of brilliance {unknown}


   Skills:
 + Level 2.3 Dodging
 + Level 3.2 Stealth
 + Level 2.2 Spellcasting
 + Level 4.1 Conjurations


You had 4 spell levels left.
You knew the following spells:

 Your Spells              Type           Power      Damage    Failure   Level
a - Magic Dart            Conj           76%        1d6       2%          1

Your spell library contained the following spells:

 Spells                   Type           Power      Damage    Failure   Level
 Searing Ray              Conj           38%        2d5       4%          2
 Dazzling Flash           Conj/Hex       20%        N/A       21%         3
 Fulminant Prism          Conj/Hex       5%         3d6       54%         4
 Iskenderun's Mystic Bla  Conj/Tloc      10%        2d4       54%         4


Dungeon Overview and Level Annotations

Branches:
Dungeon (2/15)

Altars:

Annotations:
D:2 Terence


Innate Abilities, Weirdness & Mutations

You cannot wear most types of armour.
You are amphibious.
You can wear up to eight rings at the same time.
Your skin changes colour to match your surroundings (Stealth+).
Your rubbery body absorbs attacks. (AC +1, EV +1)
((You are camouflaged when in or above water. (Stealth+)))
You have tentacles for arms and can constrict up to eight enemies at once.


Message History

There is a stone staircase leading up here.
i - a ring of magical power No target in view!
You now have 82 gold pieces (gained 8).
Found a robe.
You feel your magic capacity increase.
i - a ring of magical power (left tentacle) Magic restored.
Terence the Incautious comes into view.
He is wielding a +0 flail.
Found 14 gold pieces.
A ball python comes into view.
Found a robe.
There are monsters nearby!
There are monsters nearby!
The magic dart hits Terence.
Terence is lightly wounded.
Terence shouts!
The magic dart hits Terence.
Terence is lightly wounded.
The ball python hisses angrily.
The magic dart hits Terence but does no damage.
Terence is lightly wounded.
The magic dart hits Terence.
Terence is moderately wounded.
Terence hits you with a +0 flail!
The magic dart hits Terence but does no damage.
Terence is moderately wounded.
Terence closely misses you.
The ball python attacks as you move away!
The ball python misses you. Terence attacks as you move away!
Terence misses you.
The ball python attacks as you move away!
The ball python barely misses you. The ball python closely misses you.
The ball python attacks as you move away!
The ball python misses you. The ball python barely misses you.
The ball python attacks as you move away!
The ball python closely misses you. x2; Terence attacks as you move away!
Terence hits you with a +0 flail!
Ouch! That really hurt!
You die...

#.. #.. # ... #..# .#
....###..####+#+###.#.#
.......................
...............<....#
...........S@....####
...........@.....#
.[...............###
.........##........##
.........##.........#
.......$.##.........#
+##..[.####.........#
#.... #.........# #....
#.........#


You could see Terence and a ball python.

Vanquished Creatures
  4 bats (D:1)
  2 endoplasms (D:1)
  2 giant cockroaches (D:1)
  A goblin (D:1)
  2 hobgoblins (D:1)
  2 kobolds (D:1)
  A quokka (D:1)
  A ball python (D:1)
  2 rats (D:1)
17 creatures vanquished.

Notes
Turn   | Place    | Note
-------+----------+-------------------------------------------
     0 | D:1      | BigDaddyOpFi the Octopode Conjurer began the quest for the
                  | Orb.
     0 | D:1      | Reached XP level 1. HP: 11/11 MP: 3/3
   333 | D:1      | Reached XP level 2. HP: 17/17 MP: 0/5
  1344 | D:2      | Noticed Terence
  1357 | D:2      | Slain by Terence

Illustrated notes

Levels and vault maps discovered:
D:1:      denvon_arrival_hothouse, layout_loops_corners, minmay_heptomino_l4
D:2:      layout_basic, hellmonk_ecumenical_altar_leap_of_faith, uniq_terence

Skill      XL: |  1 |
---------------+----+-----
Stealth        | 3 |  3.2
Dodging        | |  2.3
Spellcasting   | |  2.2
Conjurations   | |  4.1

Action                     || total
---------------------------++-------
  Melee: Unarmed           ||     7
         Constrict         ||     2
         Tentacles         ||     1
         Dagger            ||     2
   Cast: Magic Dart        ||    37
 Armour: Skin              ||     3
  Dodge: Dodged            ||    22

Table legend: (Time is in decaauts)
 A = Elapsed time spent in this place.
 B = Non-inter-level travel time spent in this place.
 C = Inter-level travel time spent in this place.
 D = Time resting spent in this place.
 E = Time spent auto-exploring this place.
 F = Levels seen in this place.
 G = Mean time per level.
                   A        B        C        D        E       F      G
               +--------+--------+--------+--------+--------+-----+--------+
         Total |   1355 |   1309 |     46 |      0 |   1150 |   2 |  677.5 |
       Dungeon |   1355 |   1309 |     46 |      0 |   1150 |   2 |  677.5 |
               +--------+--------+--------+--------+--------+-----+--------+

Top non-repeatable levels by time:
     D:1: 1262 daAuts
     D:2: 93 daAuts
